 Dungeon Crawl Stone Soup version 0.30.1-11-g7821555f0a (webtiles) character file.

Game seed: 17995038713876685239

13653 ANNNA the Cleaver (level 11, -6/102 HPs)
             Began as a Minotaur Berserker on Nov 13, 2023.
             Was a High Priest of Trog.
             Mangled by a deep troll (11 damage)
             ... on level 1 of the Orcish Mines on Nov 20, 2023.
             The game lasted 00:29:05 (12049 turns).

ANNNA the Cleaver (Minotaur Berserker)             Turns: 12049, Time: 00:29:07

Health: -6/102     AC: 21    Str: 24    XL:     11   Next: 78%
Magic:  10/10      EV: 10    Int:  4    God:    Trog [*****.]
Gold:   770        SH: 15    Dex: 12    Spells: 10/10 levels left

rFire   + . .        v - +3 war axe
rCold   . . .        M - +0 kite shield
rNeg    . . .        Q - +3 chain mail {rF+}
rPois   .            F - +0 hat
rElec   .            n - +0 cloak
rCorr   .            b - +0 pair of gloves
SInv    .            (no boots)
Will    ++...        B - amulet of reflection Stlth
                     s - ring of flight
HPRegen 1.37/turn    j - +4 ring of protection
MPRegen 0.12/turn

%: reflection
@: strong-willed, on berserk cooldown, flying, regenerating, slowed, very slow
A: horns 2, retaliatory headbutt
a: Renounce Religion, Berserk, Trog's Hand, Brothers in Arms


You were on level 1 of the Orcish Mines.
You worshipped Trog.
Trog was extremely pleased with you.
You visited 2 branches of the dungeon, and saw 13 of its levels.

You collected 980 gold pieces.
You spent 210 gold pieces at shops.

Inventory:

Hand Weapons
 v - a +3 war axe (weapon)
 E - a +0 hand axe of flaming
 K - a +3 scimitar of flaming
Missiles
 o - 73 stones (quivered)
 D - a throwing net
 J - 2 curare-tipped darts
 O - 7 poisoned darts
Armour
 b - a +0 pair of gloves (worn)
 d - a +0 chain mail
 n - a +0 cloak (worn)
 F - a +0 hat (worn)
 M - a +0 kite shield (worn)
 Q - a +3 chain mail of fire resistance (worn)
Jewellery
 j - a +4 ring of protection (right hand)
 s - a ring of flight (left hand)
 A - a ring of ice
 B - an amulet of reflection (around neck)
 L - an amulet of regeneration
Wands
 p - a wand of flame (36)
 x - a wand of mindburst (17)
 z - a wand of paralysis (19)
 P - a wand of roots (5)
Scrolls
 a - 2 scrolls of poison {unknown}
 c - 2 scrolls of noise {unknown}
 e - 3 scrolls of fear
 f - a scroll of silence {unknown}
 h - 7 scrolls of teleportation
 k - 2 scrolls of vulnerability
 l - 3 scrolls of magic mapping
 y - a scroll of fog {unknown}
 C - a scroll of enchant armour {unknown}
 G - a scroll of enchant weapon {unknown}
 H - a scroll of immolation
Potions
 g - 2 potions of haste
 i - 3 potions of mutation
 m - 10 potions of curing
 q - 2 potions of degeneration {unknown}
 r - a potion of might
 t - 3 potions of attraction
 w - a potion of flight {unknown}
 I - 2 potions of brilliance {unknown}
 N - a potion of berserk rage {unknown}


   Skills:
 * Level 11.0 Fighting
 * Level 11.1 Axes
 * Level 10.5 Armour
 + Level 7.0 Dodging
 + Level 5.5 Stealth
 + Level 7.2 Shields
 - Level 5.0 Evocations


You had 10 spell levels left.
You didn't know any spells.
Your spell library was empty.

Dungeon Overview and Level Annotations

Branches:
Dungeon (11/15)            Temple (0/1) D:4            Lair (0/5) D:10
    Orc (2/2) D:11
    Elf: Orc:2

Altars:
Ashenzari
Dithmenos
Elyvilon
Fedhas
Gozag
Kikubaaqudgha
Nemelex Xobeh
Qazlal
Ru
Sif Muna
Uskayaw
Zin
The Shining One

Shops:
D:3 !   D:6 [

Annotations:
D:2 1 runed translucent door, Crazy Yiuf


Innate Abilities, Weirdness & Mutations

You have a pair of horns on your head.
You reflexively headbutt those who attack you in melee.


Message History

Your Dodging skill increases to level 7!
You feel better.
The deep troll bites you but does no damage.
You block the deep troll's attack. x2; The deep troll bites you!
* * * LOW HITPOINT WARNING * * *
The deep troll misses you. The deep troll closely misses you.
You feel much better. The deep troll bites you!
The deep troll claws you but does no damage.
You block the deep troll's attack.
You barely miss the deep troll.
The deep troll is lightly wounded.
The deep troll bites you but does no damage.
The deep troll claws you but does no damage.
You block the deep troll's attack.
The deep troll bites you but does no damage.
The deep troll claws you but does no damage.
You block the deep troll's attack.
You slash the deep troll! Your headbutt misses the deep troll.
The deep troll is moderately wounded.
You block the deep troll's attack.
The deep troll claws you but does no damage.
The deep troll claws you!
* * * LOW HITPOINT WARNING * * *
You hit the deep troll.
The deep troll is moderately wounded.
You block the deep troll's attack. x2; The deep troll claws you.
* * * LOW HITPOINT WARNING * * *
The deep troll bites you!
* * * LOW HITPOINT WARNING * * *
The deep troll claws you but does no damage.
The deep troll claws you!
* * * LOW HITPOINT WARNING * * *
You barely miss the deep troll.
The deep troll is moderately wounded.
The deep troll bites you.
* * * LOW HITPOINT WARNING * * *
You block the deep troll's attack.
The deep troll claws you but does no damage.
The deep troll completely misses you. The deep troll claws you!
You die...

##...#...........#..#.#
##.#....................
#...............#....#..
#...........).......##..
##.........)><)..#....##.
#......#.#.).........####
#......................##
#.......)†..............#
##......@T..............#
###...............#.....
#..............##.....
##.....#......###..##.
##...###.....##...#..
##.## ####.####.###. ###
### #####. #.. ##.


You could see a deep troll.

Vanquished Creatures
  A hydra (D:10)
  5 two-headed ogres
  Erica (D:8)
  A cyclops (Orc:1)
  A gargoyle (D:11)
  3 trolls
  A hornet (D:9)
  Prince Ribbit (D:6)
  Grinder (D:6)
  2 dream sheep (D:10)
  Sigmund (D:2)
  A shadow (D:11)
  A wraith (D:10)
  10 yaks
  2 steam dragons
  2 wyverns
  2 vampire mosquitoes (D:6)
  Menkaure (D:4)
  4 black bears
  An ice beast (D:6)
  3 orc warriors
  A sky beast (D:6)
  Duvessa (D:6)
  2 wolves (D:10)
  4 ogres
  3 centaurs
  A gnoll sergeant (D:9)
  2 bullfrogs
  5 kobold brigands
  2 scorpions
  7 wights (D:9)
  Dowan (D:6)
  A jelly (D:5)
  6 electric eels
  2 howler monkeys (D:7)
  8 hounds
  9 orc priests
  A gnoll bouda (D:9)
  A sleepcap (D:8)
  Jessica (D:3)
  Ijyb (D:4)
  2 iguanas (D:7)
  12 orc wizards
  Natasha (thrice) (D:2)
  Robin (D:4)
  25 gnolls
  4 adders
  A shadow imp (D:5)
  An ufetubus (D:5)
  3 worms
  3 dart slugs
  52 orcs
  6 ball pythons
  6 endoplasms
  3 giant cockroaches
  11 goblins
  11 hobgoblins
  4 jackals (D:5)
  10 kobolds
  A quokka (D:1)
  5 bats
  6 frilled lizards
  4 rats
278 creatures vanquished.

Notes
Turn   | Place    | Note
-------+----------+-------------------------------------------
     0 | D:1      | ANNNA the Minotaur Berserker began the quest for the Orb.
     0 | D:1      | Reached XP level 1. HP: 19/19 MP: 0/0
   176 | D:1      | Reached XP level 2. HP: 27/27 MP: 1/1
  1031 | D:2      | Reached XP level 3. HP: 33/33 MP: 2/2
  1043 | D:2      | Noticed Natasha
  1051 | D:2      | Killed Natasha
  1052 | D:2      | Reached skill level 1 in Shields
  1171 | D:2      | Noticed Natasha
  1179 | D:2      | Killed Natasha
  1180 | D:2      | Reached XP level 4. HP: 40/40 MP: 3/3
  1192 | D:2      | Reached skill level 1 in Stealth
  1265 | D:2      | Noticed Natasha
  1274 | D:2      | Killed Natasha
  1275 | D:2      | Reached skill level 1 in Evocations
  1339 | D:2      | Reached ** piety under Trog
  1390 | D:2      | Noticed Sigmund
  1403 | D:2      | Killed Sigmund
  1404 | D:2      | Reached skill level 5 in Axes
  1404 | D:2      | Reached XP level 5. HP: 47/47 MP: 4/4
  1404 | D:2      | Reached XP level 6. HP: 55/55 MP: 5/5
  1528 | D:2      | Found a runed translucent door.
  1529 | D:2      | Noticed Crazy Yiuf
  1875 | D:3      | Found Uduola's Distillery.
  1883 | D:3      | Bought 2 potions of heal wounds for 120 gold pieces
  1902 | D:3      | Reached skill level 5 in Fighting
  2005 | D:3      | Noticed Jessica
  2010 | D:3      | Killed Jessica
  2116 | D:3      | Found a hide-covered altar of Uskayaw.
  2116 | D:3      | Found a stormy altar of Qazlal.
  2118 | D:3      | Found a white marble altar of Elyvilon.
  2299 | D:4      | Found a staircase to the Ecumenical Temple.
  2313 | D:4      | Reached XP level 7. HP: 47/61 MP: 6/6
  2323 | D:4      | Reached *** piety under Trog
  2519 | D:4      | Found an ancient bone altar of Kikubaaqudgha.
  2632 | D:4      | Found a shimmering blue altar of Sif Muna.
  2638 | D:4      | Noticed Robin
  2657 | D:4      | Killed Robin
  2718 | D:4      | Noticed Ijyb
  2723 | D:4      | Killed Ijyb
  2840 | D:4      | Noticed Menkaure
  2851 | D:4      | Killed Menkaure
  2852 | D:4      | Reached skill level 5 in Armour
  3007 | D:4      | Found a broken altar of Ashenzari.
  3053 | D:4      | Found a glowing golden altar of the Shining One.
  3053 | D:4      | Found an opulent altar of Gozag.
  3070 | D:4      | Found a sparkling altar of Nemelex Xobeh.
  3073 | D:4      | Found a blossoming altar of Fedhas.
  3075 | D:4      | Found a shadowy altar of Dithmenos.
  3456 | D:5      | Entered Level 5 of the Dungeon
  3475 | D:5      | Noticed a yak
  3567 | D:5      | Reached XP level 8. HP: 65/70 MP: 7/7
  3866 | D:5      | Reached **** piety under Trog
  4429 | D:5      | Found a sacrificial altar of Ru.
  4930 | D:6      | Noticed Grinder
  5002 | D:6      | Noticed Prince Ribbit
  5022 | D:6      | Killed Prince Ribbit
  5023 | D:6      | Reached XP level 9. HP: 25/79 MP: 8/8
  5321 | D:6      | Killed Grinder
  5376 | D:6      | Noticed Duvessa
  5377 | D:6      | Noticed Dowan
  5384 | D:6      | Killed Dowan
  5387 | D:6      | Killed Duvessa
  5457 | D:6      | Noticed an animated pearl dragon scales
  5459 | D:6      | Found Bixinnav's Armour Boutique.
  5471 | D:6      | Noticed an animated plate armour
  6392 | D:7      | Reached skill level 5 in Dodging
  6548 | D:7      | Found a glowing silver altar of Zin.
  6550 | D:7      | Found Zin's Purification Station.
  6555 | D:7      | Bought a potion of curing for 90 gold pieces
  6576 | D:7      | Reached skill level 5 in Shields
  6605 | D:7      | Noticed a two-headed ogre
  6612 | D:7      | Killed a two-headed ogre
  6613 | D:7      | Reached XP level 10. HP: 66/90 MP: 9/9
  7236 | D:8      | Noticed Erica
  8534 | D:8      | Killed Erica
  9160 | D:9      | Paralysed by a hornet for 2 turns
  9583 | D:10     | Entered Level 10 of the Dungeon
  9674 | D:10     | Found a staircase to the Lair.
 10254 | D:10     | Noticed a two-headed ogre
 10263 | D:10     | Killed a two-headed ogre
 10438 | D:10     | Reached XP level 11. HP: 66/99 MP: 10/10
 10444 | D:10     | Reached skill level 10 in Axes
 10452 | D:10     | Reached skill level 10 in Fighting
 10614 | D:10     | Reached skill level 5 in Stealth
 10654 | D:10     | Reached ***** piety under Trog
 10660 | D:10     | Noticed a three-headed hydra
 10667 | D:10     | Killed a one-headed hydra
 10668 | D:10     | Reached skill level 5 in Evocations
 11095 | D:11     | Noticed an ogre mage
 11095 | D:11     | Noticed a two-headed ogre
 11256 | D:11     | Found a staircase to the Orcish Mines.
 11283 | D:11     | Reached skill level 10 in Armour
 11543 | Orc:1    | Entered Level 1 of the Orcish Mines
 11921 | Orc:2    | Entered Level 2 of the Orcish Mines
 11921 | Orc:2    | Noticed a two-headed ogre
 11921 | Orc:2    | Noticed an ogre mage
 11921 | Orc:2    | Noticed a two-headed ogre
 11921 | Orc:2    | Noticed a two-headed ogre
 11921 | Orc:2    | Noticed a deep troll
 11921 | Orc:2    | Noticed a two-headed ogre
 11921 | Orc:2    | Noticed an ogre mage
 12025 | Orc:2    | Noticed a deep troll
 12034 | Orc:1    | Killed a two-headed ogre
 12034 | Orc:1    | Killed a two-headed ogre
 12034 | Orc:1    | HP: 3/151 [troll (6)]
 12041 | Orc:1    | Killed a two-headed ogre
 12048 | Orc:1    | HP: 4/102 [deep troll (8)]
 12049 | Orc:1    | Mangled by a deep troll

Illustrated notes

Levels and vault maps discovered:
D:1:      minmay_arrival_plants_in_alcoves, layout_basic
D:2:      layout_basic, uniq_natasha, uniq_crazy_yiuf_cottage, uniq_sigmund
D:3:      layout_rooms, minitemple, serial_shops, shop, uniq_jessica
D:4:      layout_basic, mainiacjoe_overflow_brackets,
          nicolae_overflow_hallway_of_the_gods,
          nicolae_kikubaaqudgha_miasma_corner, minmay_temple_entry_grid,
          nicolae_concentric_dashed_squares_wild, uniq_ijyb, uniq_robin,
          uniq_menkaure
D:5:      layout_basic, marbit_many_paths, grunt_ministairs_15,
          minmay_chambers_of_fives
D:6:      layout_layer_cave, serial_shops, nicolae_shop_mannequins,
          uniq_duvessa, uniq_prince_ribbit1, uniq_grinder
D:7:      layout_loops_ring, zin_purify
D:8:      layout_layer_cave, uniq_erica
D:9:      layout_big_octagon
D:10:     layout_basic, erik_lair_island, hangedman_ranch
D:11:     layout_irregular_city, hiddenorc2_lemuel
Orc:1:    layout_caves
Orc:2:    st_orc_open, layout_caves, nicolae_shop_gadgets

Skill      XL: |  1  2  3  4  5  6  7  8  9 10 11 |
---------------+----------------------------------+-----
Axes           | 4 5 6 7 8 9 11 | 11.1
Fighting       | 4 5 6 7 8 9 11 | 11.0
Armour         | 3 4 5 6 8 9 10 | 10.5
Shields        | 1 2 3 4 5 6 7 |  7.2
Stealth        | 1 2 3 4 5 |  5.5
Evocations     | 1 2 3 4 5 |  5.0
Dodging        | 3 4 5 6 7 |  7.0

Action                     |  1- 3 |  4- 6 |  7- 9 | 10-12 || total
---------------------------+-------+-------+-------+-------++-------
  Melee: Hand axe          |    48 |    86 |   270 |     4 ||   408
         Headbutt          |     6 |    12 |    60 |    64 ||   142
         War axe           |       |       |    45 |   345 ||   390
 Invoke: Berserk           |       |     1 |     4 |     6 ||    11
         Trog's Hand       |       |       |     2 |     6 ||     8
  Evoke: Wand              |       |       |       |     6 ||     6
    Use: Scroll            |       |       |     5 |     3 ||     8
         Potion            |       |       |       |     6 ||     6
 Armour: Chain mail        |    23 |    57 |   150 |   188 ||   418
         Animal skin       |     1 |       |       |       ||     1
  Dodge: Dodged            |    22 |    38 |   127 |   130 ||   317
  Block: Buckler           |       |     8 |    90 |    69 ||   167
         Reflection        |       |       |     1 |    12 ||    13
         Kite shield       |       |       |       |   195 ||   195
